Map: Rooftop Terrace

Players

DarkPresence - Winner!

  • Race: Terran Terran
  • League: Gold
  • Spawn Location: 5:00

Metasapien - Winner!

  • Race: Zerg Zerg
  • League: Platinum
  • Spawn Location: 6:00

kamikaze - Winner!

  • Race: Protoss Protoss
  • League: Bronze
  • Spawn Location: 6:00

Kablamm - Winner!

  • Race: Terran Terran
  • League: Silver
  • Spawn Location: 7:00

petarda

  • Race: Protoss Protoss
  • Spawn Location: 12:00

Muertesubita

  • Race: Zerg Zerg
  • Spawn Location: 11:00

Lilbubbles

  • Race: Protoss Protoss
  • League: Silver
  • Spawn Location: 1:00

SHEeN

  • Race: Protoss Protoss
  • Spawn Location: 12:00

VOD

Have the link to the VOD?

Description

Time

  • Played on: Sept. 17, 2017, 10:59 p.m.
  • Length: 12:12
Show
View Real Time Build Order
Export as new Build Order

DarkPresence Terran - Winner!

Build Orders:  

Get SALT Encoding   

  12  0:03  SCV  
  13  0:15  SCV  
  14  0:27  SCV  
  15  0:32  Supply Depot  
  15  0:37  Refinery  
  15  0:44  Refinery  
  15  0:54  SCV  
  16  1:01  Barracks  
  16  1:20  SCV, Supply Depot  
  17  1:32  SCV  
  18  1:45  SCV  
  19  1:57  SCV  
  20  2:02  Barracks Tech Lab  
  20  2:09  SCV  
  20  2:10  Factory  
  21  2:16  Engineering Bay  
  21  2:21  SCV  
  22  2:25  Marine  
  23  2:33  SCV  
  24  2:42  Marine  
  25  2:47  Orbital Command  
  25  2:54  Factory Tech Lab  
  25  3:00  Marine  
  29  3:12  Siege Tank  
  29  3:33  SCV  
  30  3:34  Command Center  
  30  3:42  Missile Turret  
  30  3:44  Widow Mine  
  30  3:45  SCV  
  33  3:55  Starport  
  33  4:13  Siege Tank  
  36  4:23  Marine  
  37  4:32  Starport Tech Lab  
  37  4:40  Fusion Core  
  37  4:45  Widow Mine  
  39  4:47  Supply Depot  
  39  4:49  Supply Depot  
  39  4:50  Supply Depot  
  39  5:08  Missile Turret  
  39  5:09  SCV  
  39  5:14  Siege Tank  
  43  5:15  SCV  
  43  5:21  SCV  
  45  5:27  SCV  
  46  5:33  Refinery  
  46  5:39  SCV  
  47  5:46  Missile Turret  
  47  5:49  Planetary Fortress  
  47  5:51  Refinery  
  47  6:03  Widow Mine  
  47  6:07  Raven  
  47  6:10  Missile Turret  
  51  6:12  SCV  
  52  6:21  Starport  
  52  6:24  Weapon Refit, SCV  
  53  6:27  Starport  
  53  6:29  Armory  
  53  6:32  Hi-Sec Auto Tracking  
  53  6:35  SCV  
  53  6:36  SCV  
  55  6:46  Widow Mine  
  58  6:47  SCV  
  58  6:48  SCV  
  59  6:59  SCV  
  59  7:00  SCV  
  61  7:06  Starport Tech Lab x2  
  61  7:14  SCV  
  62  7:25  Battlecruiser  
  62  7:26  SCV  
  69  7:38  SCV  
  69  7:39  Drilling Claws  
  69  7:41  Widow Mine  
  72  7:52  Terran Ship Weapons Level 1  
  72  7:57  Armory  
  72  8:01  Building Armor  
  72  8:04  Marine  
  73  8:09  Widow Mine  
  75  8:22  Marine  
  75  8:23  Missile Turret  
  76  8:31  Battlecruiser  
  82  8:40  Marine  
  83  8:43  Supply Depot  
  83  8:44  Missile Turret  
  83  8:57  Marine  
  83  8:59  Command Center  
  84  9:07  Supply Depot  
  84  9:08  Missile Turret  
  84  9:15  Battlecruiser, Marine  
  91  9:22  Terran Vehicle And Ship Armor Level 1  
  91  9:44  Refinery  
  91  9:48  Missile Turret  
  91  9:49  Refinery  
  91  10:04  Battlecruiser  
  91  10:06  Terran Infantry Weapons Level 1  
  97  10:11  Missile Turret  
  97  10:17  Orbital Command  
  97  10:22  Missile Turret  
  97  10:35  Missile Turret, Battlecruiser  
  115  11:23  SCV  
  116  11:35  SCV  
  117  11:47  SCV  
Show
View Real Time Build Order
Export as new Build Order

Metasapien Zerg - Winner!

Build Orders: Pool First 

Get SALT Encoding   

  12  0:20  Spawning Pool  
  11  0:23  Drone  
  12  0:30  Drone  
  13  0:39  Extractor  
  13  0:41  Overlord  
  12  0:44  Drone  
  12  0:49  Drone  
  14  1:01  Drone  
  15  1:07  Drone  
  16  1:29  Hatchery  
  16  1:32  Drone  
  16  1:39  Metabolic Boost  
  16  1:45  Drone  
  17  1:53  Drone  
  18  1:55  Drone  
  19  2:04  Drone  
  20  2:13  Overlord  
  20  2:36  Hatchery  
  19  2:38  Queen  
  19  2:43  Drone  
  22  2:57  Queen  
  24  3:04  Drone x2  
  26  3:06  Drone x2  
  26  3:09  Drone  
  29  3:15  Overlord  
  29  3:29  Roach Warren  
  29  3:30  Drone, Extractor  
  29  3:31  Drone  
  29  3:38  Drone x2  
  29  3:40  Drone  
  32  3:50  Queen  
  32  3:51  Drone  
  32  3:53  Drone  
  36  4:03  Drone x2  
  36  4:07  Zergling x4  
  36  4:08  Zergling x4  
  42  4:10  Zergling x2  
  42  4:14  Drone  
  42  4:17  Drone x2  
  46  4:21  Drone  
  46  4:22  Drone  
  46  4:23  Drone  
  49  4:30  Overlord  
  49  4:31  Overlord  
  49  4:46  Drone  
  49  4:48  Overlord  
  49  4:49  Drone x2  
  49  4:50  Drone x3  
  55  5:00  Drone, Extractor x2  
  55  5:03  Drone x5  
  55  5:04  Drone  
  60  5:10  Overlord, Extractor  
  60  5:11  Overlord  
  60  5:12  Extractor  
  58  5:14  Lair  
  58  5:22  Evolution Chamber  
  58  5:23  Drone  
  58  5:28  Drone x2  
  60  5:29  Drone x2  
  60  5:30  Drone x3  
  60  5:32  Drone x3  
  68  5:40  Evolution Chamber  
  67  5:44  Roach x3  
  73  5:50  Drone  
  73  5:52  Drone x3  
  77  6:02  Drone x2  
  79  6:06  Overlord  
  79  6:07  Overlord x3  
  79  6:15  Hydralisk Den  
  79  6:16  Infestation Pit  
  79  6:17  Zerg Ground Armor Level 1  
  79  6:18  Zerg Missile Weapons Level 1  
  77  6:20  Glial Reconstitution  
  77  6:26  Drone x2  
  77  6:31  Queen, Pneumatized Carapace  
  77  6:32  Queen  
  83  6:43  Roach x3  
  83  6:44  Roach x3  
  95  6:53  Drone  
  95  6:54  Drone x2  
  98  6:58  Drone x4  
  102  7:03  Hatchery  
  102  7:04  Hydralisk x2  
  102  7:05  Hydralisk  
  102  7:06  Overlord  
  102  7:07  Overlord  
  107  7:10  Overseer  
  107  7:30  Hive  
  107  7:32  Nydus Network  
  107  7:34  Muscular Augments, Hydralisk x2  
  107  7:35  Hydralisk x3  
  107  7:36  Roach x2  
  122  7:37  Roach  
  122  7:42  Extractor  
  122  7:43  Extractor  
  120  7:56  Ravager x5  
  120  7:57  Overlord  
  120  7:58  Overlord x3  
  125  8:16  Drone, Queen  
  125  8:18  Drone  
  125  8:19  Drone x3  
  132  8:21  Drone x3  
  132  8:22  Drone x3  
  132  8:24  Zerg Missile Weapons Level 2  
  132  8:25  Zerg Ground Armor Level 2  
  138  8:28  Nydus Canal  
  138  8:39  Overseer  
  138  8:42  Drone  
  138  8:43  Drone  
  138  8:44  Hydralisk x3  
  138  8:45  Hydralisk x4  
  138  8:46  Roach x4, Hydralisk x2  
  138  8:48  Overlord  
  166  9:16  Drone x2  
  168  9:22  Overlord x2  
  168  9:23  Overlord x2  
  168  9:27  Hydralisk x7  
  168  9:28  Hydralisk  
  184  9:36  Hatchery  
  183  9:38  Nydus Canal  
  183  9:47  Hydralisk x3  
  183  9:48  Hydralisk x5  
  194  10:28  Overlord x2  
  194  10:29  Overlord  
  188  11:08  Drone x2, Queen  
  192  11:14  Nydus Canal  
  192  11:47  Drone x3  
  192  11:51  Zergling x6  
Show
View Real Time Build Order
Export as new Build Order

kamikaze Protoss - Winner!

Build Orders:  

Get SALT Encoding   

  12  0:05  Probe (Chrono Boost)  
  13  0:16  Probe (Chrono Boost)  
  14  0:26  Probe (Chrono Boost)  
  15  0:32  Pylon  
  15  0:54  Forge  
  15  0:55  Probe (Chrono Boost)  
  16  1:06  Probe (Chrono Boost)  
  17  1:17  Probe (Chrono Boost)  
  18  1:27  Pylon  
  18  1:38  Pylon  
  18  1:48  Photon Cannon  
  18  1:59  Photon Cannon  
  18  2:02  Photon Cannon  
  18  2:04  Photon Cannon  
  18  2:09  Photon Cannon  
  18  2:23  Pylon  
  18  2:34  Pylon  
  18  2:43  Photon Cannon  
  18  2:45  Photon Cannon  
  18  2:47  Photon Cannon  
  18  2:56  Photon Cannon  
  18  3:05  Pylon  
  18  3:28  Photon Cannon  
  18  3:29  Photon Cannon  
  18  3:37  Photon Cannon  
  18  3:44  Photon Cannon  
  18  3:47  Photon Cannon  
  18  3:49  Photon Cannon  
  18  4:03  Pylon  
  17  4:33  Photon Cannon  
  17  4:36  Photon Cannon  
  17  4:39  Photon Cannon  
  17  4:41  Photon Cannon  
  17  4:49  Pylon  
  17  5:49  Nexus  
  17  6:25  Gateway  
  17  6:28  Gateway  
  17  6:30  Gateway  
  17  7:14  Cybernetics Core  
  17  7:20  Zealot x3  
  23  7:24  Probe (Chrono Boost)  
  24  7:33  Assimilator  
  24  7:35  Probe (Chrono Boost)  
  25  7:38  Assimilator  
  25  7:45  Probe (Chrono Boost)  
  25  7:47  Zealot x2  
  25  7:48  Zealot  
  32  7:56  Probe (Chrono Boost)  
  33  8:06  Probe (Chrono Boost)  
  34  8:17  Probe (Chrono Boost)  
  35  8:23  Stalker  
  35  8:25  Stalker  
  39  8:27  Probe (Chrono Boost)  
  40  8:35  Stalker  
  40  8:38  Probe (Chrono Boost)  
  44  8:48  Probe (Chrono Boost)  
  44  8:59  Probe (Chrono Boost)  
  45  9:06  Stalker x2  
  45  9:07  Stalker  
  45  9:09  Probe (Chrono Boost)  
  52  9:20  Probe (Chrono Boost)  
  53  9:30  Probe (Chrono Boost)  
  54  9:41  Probe (Chrono Boost)  
  55  9:45  Zealot  
  55  9:46  Zealot x2  
  55  9:51  Probe (Chrono Boost)  
  62  9:58  Protoss Ground Weapons Level 1 (Chrono Boost)  
  62  10:12  Stalker  
  62  10:13  Stalker, Zealot  
  68  10:40  Stalker  
  70  10:42  Stalker  
  70  10:49  Adept  
  74  10:50  Probe  
  75  11:01  Probe  
  76  11:10  Adept  
  78  11:18  Adept  
  78  11:19  Adept  
  82  11:37  Stalker  
Show
View Real Time Build Order
Export as new Build Order

Kablamm Terran - Winner!

Build Orders:  

Get SALT Encoding   

  12  0:03  SCV  
  13  0:15  Supply Depot  
  13  0:19  SCV  
  14  0:31  SCV  
  15  0:37  Barracks  
  15  0:43  SCV  
  16  1:15  Refinery, SCV  
  16  1:17  Refinery  
  17  1:27  SCV  
  17  1:28  Bunker  
  18  1:39  SCV  
  19  1:51  SCV  
  20  1:58  Bunker  
  20  2:03  SCV  
  20  2:06  Supply Depot  
  21  2:10  Marine  
  22  2:16  SCV  
  23  2:28  Marine, SCV, Supply Depot  
  25  2:31  Factory  
  25  2:42  Factory  
  25  2:46  Marine  
  26  3:04  Marine  
  27  3:15  Factory Tech Lab  
  27  3:22  Marine  
  27  3:25  Factory Reactor  
  28  3:35  Engineering Bay  
  28  3:39  Cyclone  
  31  4:00  Marine  
  32  4:11  Siege Tank  
  35  4:18  Marine  
  36  4:25  Cyclone  
  39  4:44  Supply Depot  
  39  4:47  Supply Depot  
  39  4:48  Supply Depot  
  39  4:50  Supply Depot  
  39  5:05  Cyclone x2, Marine  
  46  5:08  Siege Tank  
  49  5:18  Missile Turret  
  49  5:28  Marine  
  50  5:38  Cyclone x2  
  56  5:48  Barracks Reactor  
  56  6:28  Starport, Cyclone  
  56  6:29  Starport  
  56  6:32  Marine x2  
  61  6:50  Marine x2  
  63  7:04  Medivac  
  63  7:07  Medivac  
  63  7:08  Marine x2  
  69  7:25  Marine  
  69  7:26  Marine  
  69  7:29  Command Center  
  71  7:45  Supply Depot  
  71  7:47  Supply Depot  
  71  8:00  Orbital Command  
  71  8:07  Medivac x2  
  71  8:11  Supply Depot  
  81  9:04  Cyclone x2  
  81  9:05  Cyclone  
  84  9:36  Cyclone  
  84  9:37  Cyclone  
  89  11:04  SCV  
  89  11:10  Cyclone  
  99  11:11  Cyclone x2  
  99  11:13  Marine x2  
  99  11:17  SCV  
  102  11:29  SCV  
  102  11:30  Marine  
  102  11:31  Marine  
  98  11:41  SCV  
  105  11:48  Marine  
  105  11:49  Marine  
  105  11:53  SCV  
Show
View Real Time Build Order
Export as new Build Order

petarda Protoss 

Build Orders: Nexus First 

Get SALT Encoding   

  12  0:03  Probe (Chrono Boost)  
  13  0:13  Probe (Chrono Boost)  
  14  0:24  Pylon  
  14  0:26  Probe (Chrono Boost)  
  15  0:42  Probe (Chrono Boost)  
  16  0:52  Probe (Chrono Boost)  
  17  0:57  Nexus  
  17  1:16  Probe (Chrono Boost)  
  18  1:21  Gateway  
  18  1:22  Gateway  
  18  1:23  Assimilator  
  18  1:26  Probe (Chrono Boost)  
  18  1:27  Pylon  
  19  1:36  Assimilator  
  19  1:37  Probe (Chrono Boost)  
  20  1:43  Pylon  
  20  1:47  Pylon  
  20  1:50  Pylon  
  20  1:58  Probe (Chrono Boost)  
  21  2:02  Pylon  
  21  2:05  Pylon  
  21  2:09  Probe (Chrono Boost)  
  22  2:19  Probe (Chrono Boost)  
  23  2:23  Probe (Chrono Boost)  
  24  2:32  Forge  
  24  2:36  Probe (Chrono Boost)  
  26  2:37  Probe (Chrono Boost)  
  26  2:47  Zealot  
  26  2:48  Zealot  
  30  2:52  Probe x2 (Chrono Boost)  
  32  3:02  Probe (Chrono Boost)  
  32  3:03  Probe (Chrono Boost)  
  34  3:13  Probe x2 (Chrono Boost), Photon Cannon  
  34  3:18  Photon Cannon  
  34  3:19  Photon Cannon  
  36  3:28  Probe x2 (Chrono Boost)  
  36  3:32  Photon Cannon  
  36  3:34  Photon Cannon  
  38  3:36  Photon Cannon  
  38  3:38  Probe x2 (Chrono Boost)  
  40  3:49  Probe x2 (Chrono Boost)  
  42  4:06  Probe x2 (Chrono Boost), Assimilator  
  42  4:08  Assimilator  
  44  4:13  Pylon  
  44  4:16  Probe (Chrono Boost), Pylon, Protoss Shields Level 1  
  44  4:17  Probe (Chrono Boost)  
  46  4:22  Pylon  
  46  4:32  Probe (Chrono Boost)  
  46  4:33  Probe (Chrono Boost)  
  48  4:54  Zealot x2  
  52  5:21  Zealot  
Show
View Real Time Build Order
Export as new Build Order

Muertesubita Zerg 

Build Orders: Pool First 

Get SALT Encoding   

  12  0:03  Drone  
  13  0:11  Drone  
  14  0:31  Spawning Pool  
  14  0:32  Overlord, Drone  
  14  0:44  Overlord  
  14  0:58  Drone  
  14  1:02  Hatchery  
  14  1:05  Drone x2  
  14  1:11  Extractor  
  15  1:25  Queen  
  15  1:26  Drone  
  18  1:40  Drone x2  
  20  2:00  Zergling x2  
  21  2:11  Extractor  
  21  2:14  Drone  
  21  2:16  Zergling x4  
  21  2:18  Metabolic Boost  
  22  2:31  Zergling x6  
  22  2:35  Zergling x6  
  28  2:39  Drone  
  29  2:52  Spine Crawler  
  29  2:55  Overlord  
  29  2:56  Zergling x2  
  29  3:02  Spine Crawler  
  29  3:03  Drone x2  
  30  3:07  Spine Crawler  
  29  3:19  Zergling x8  
  33  3:25  Drone x2  
  33  3:26  Queen  
  37  3:52  Zergling x8  
  37  3:53  Zergling x2  
  37  3:55  Drone x2  
  44  3:56  Overlord  
  36  4:27  Zergling x2  
  36  4:28  Zergling x8  
  41  5:08  Zergling x6  
Show
View Real Time Build Order
Export as new Build Order

Lilbubbles Protoss 

Build Orders:  

Get SALT Encoding   

  12  0:01  Probe (Chrono Boost)  
  13  0:12  Probe (Chrono Boost)  
  14  0:33  Probe (Chrono Boost)  
  15  9:44  Probe (Chrono Boost)  
Show
View Real Time Build Order
Export as new Build Order

SHEeN Protoss 

Build Orders:  

Get SALT Encoding   

  12  1:50  Probe (Chrono Boost)  
  13  2:00  Pylon  
  13  2:01  Probe (Chrono Boost)  
  14  2:04  Pylon  
  14  2:07  Assimilator  
  14  2:11  Probe (Chrono Boost)  
  14  2:13  Assimilator  
  15  2:22  Probe (Chrono Boost)  
  16  2:32  Probe (Chrono Boost)  
  17  2:46  Probe (Chrono Boost)  
  18  2:55  Gateway  
  18  2:56  Probe (Chrono Boost), Nexus  
  19  3:02  Pylon  
  19  3:07  Probe (Chrono Boost)  
  19  3:10  Pylon  
  20  3:16  Pylon  
  20  3:17  Probe (Chrono Boost)  
  21  3:25  Forge  
  21  3:28  Probe (Chrono Boost)  
  13  3:47  Probe (Chrono Boost)  
  6  3:57  Probe (Chrono Boost)  
  7  4:08  Probe (Chrono Boost)  
  6  4:18  Probe (Chrono Boost)  
  7  4:29  Probe (Chrono Boost)  
Tags
 
Add a new tag
Caveats
  • Supply blocks, unpowered buildings, or Contaminate may cause inaccurate times.
  • Supply counts are checked every 10 seconds.